 Dungeon Crawl Stone Soup version 0.27.1-33-g824d729ab1 (webtiles) character file.

Game seed: 8541488854592255271

827 Laukis the Cleaver (level 7, -1/41 HPs)
             Began as a Gargoyle Berserker on Dec 6, 2021.
             Was a Believer of Trog.
             Slain by an iguana (9 damage)
             ... on level 4 of the Dungeon.
             The game lasted 00:07:57 (4251 turns).

Laukis the Cleaver (Gargoyle Berserker)             Turns: 4251, Time: 00:07:58

Health: -1/41      AC: 17    Str: 22    XL:     7   Next: 97%
Magic:  7/7        EV: 10    Int:  8    God:    Trog [**....]
Gold:   111        SH:  0    Dex:  9    Spells: 6/6 levels left

rFire    . . .     SeeInvis .   w - +3 flail (holy)
rCold    . . .     Faith    +   (no shield)
rNeg     + . .     Spirit   .   g - +0 plate armour
rPois    ∞         Reflect  .   (no helmet)
rElec    +         Harm     .   x - +0 cloak
rCorr    .         Rampage  .   (no gloves)
Will     ++...                  h - +0 pair of boots
Stlth    ..........             l - amulet of faith
HPRegen  1.13/turn              r - +4 ring of evasion
MPRegen  0.10/turn              (no ring)

@: strong-willed, on berserk cooldown, regenerating, slowed, very slow
A: sickness immunity, AC +4, negative energy resistance 1, electricity
resistance, torment resistance 1, petrification resistance
a: Renounce Religion, Berserk, Trog's Hand


You were on level 4 of the Dungeon.
You worshipped Trog.
Trog was pleased with you.
You visited 1 branch of the dungeon, and saw 5 of its levels.

You collected 111 gold pieces.

Inventory:

Hand Weapons
 a - a +0 hand axe
 w - a +3 flail of holy wrath (weapon)
Armour
 g - a +0 plate armour (worn)
 h - a +0 pair of boots (worn)
 x - a +0 cloak (worn)
Jewellery
 f - an amulet of the acrobat
 l - an amulet of faith (around neck)
 m - an amulet of reflection
 r - a +4 ring of evasion (left hand)
Wands
 q - a wand of acid (6)
 t - a wand of iceblast (7)
Scrolls
 d - 4 scrolls of enchant armour {unknown}
 e - 4 scrolls of identify {unknown}
 i - 2 scrolls of vulnerability {unknown}
 n - a scroll of magic mapping {unknown}
 o - 2 scrolls of enchant weapon {unknown}
 u - a scroll of blinking {unknown}
 v - a scroll of acquirement {unknown}
Potions
 b - 3 potions of curing {unknown}
 c - 3 potions of flight {unknown}
 j - a potion of cancellation {unknown}
 k - a potion of might {unknown}
 p - 2 potions of heal wounds {unknown}
 s - a potion of attraction {unknown}


   Skills:
 - Level 3.2 Fighting
 * Level 8.0(8.2) Axes
 + Level 2.4(6.0) Maces & Flails
 - Level 2.1 Armour
 - Level 1.5 Dodging


You had 6 spell levels left.
You didn't know any spells.
Your spell library was empty.

Dungeon Overview and Level Annotations

Branches:
Dungeon (5/15)
 Temple: D:4-7

Altars:
Vehumet


Innate Abilities, Weirdness & Mutations

You are immune to sickness and miasma.
Your stone body is resilient. (AC +4)
You are immune to poison.
You resist negative energy. (rN+)
You are resistant to electric shocks. (rElec)
You are resistant to unholy torment.
You are immune to petrification.


Message History

The ogre closely misses you.
The iguana bites you but does no damage.
You thump the ogre!
You kill the ogre!
Trog accepts your kill. The iguana closely misses you.
Your Axes skill increases to level 8!
You feel a strong urge to attack something.
The orc wizard gestures wildly while chanting.
The orc wizard flickers and vanishes!
Deactivating autopickup; reactivate with Ctrl-A.
You are no longer berserk.
You are exhausted.
You feel yourself slow down.
The orc priest looks braver for a moment.
The iguana bites you!
The orc priest calls down the wrath of Beogh upon you.
Beogh smites you!
The iguana bites you but does no damage.
The orc priest mumbles some strange prayers to Beogh against you.
Beogh smites you!
* * * LOW HITPOINT WARNING * * *
The iguana bites you but does no damage.
The iguana closely misses you.
You hear the slow rusting of a drain nearby.
The iguana barely misses you.
There is a stone staircase leading up here.
The iguana completely misses you. The iguana closely misses you.
You climb upwards.
Reactivating autopickup.
There is a stone staircase leading down here.
Your skin crawls.
You feel strong-willed. The iguana bites you.
* * * LOW HITPOINT WARNING * * *
The iguana barely misses you. The iguana bites you.
* * * LOW HITPOINT WARNING * * *
You barely miss the iguana. The iguana bites you!
You die...

##.# #.....# #..##.#..### #.#
#.....# #..##.#..(.. #.#
#.....# #.)......... #.#
#.....# #.##..#..... #.####
#.....####.##..#.####
#....####.......#.......#
#..#.#.......##.####.####
##...#.##(#..##.####.# ##
##.##.##.#@.........# #.
####.#..)...l..#.####.# #.
##....#(.#..#.....## #.######.
#..##.#.........>..###.##...#.
#......................##.....
#..################...#.)...).
#..#....#≈.....#..#P..#.......
#..#....#≈........#P..#...(...
#..#..######.###..#.P........#


You could see an iguana.

Vanquished Creatures
  Sigmund (D:4)
  Edmund (D:4)
  4 ogres
  A gnoll shaman (D:3)
  A jelly (D:3)
  2 hounds (D:4)
  3 gnolls
  2 adders
  2 dart slugs
  An orc (D:4)
  6 ball pythons
  5 endoplasms
  2 giant cockroaches
  8 goblins
  7 hobgoblins
  5 jackals
  2 quokkas
  4 bats
  2 frilled lizards (D:1)
  5 kobolds
  A rat (D:2)
65 creatures vanquished.

Notes
Turn   | Place    | Note
-------+----------+-------------------------------------------
     0 | D:1      | Laukis the Gargoyle Berserker began the quest for the Orb.
     0 | D:1      | Reached XP level 1. HP: 14/14 MP: 1/1
    61 | D:1      | Reached skill level 3 in Axes
   196 | D:1      | Reached XP level 2. HP: 4/19 MP: 2/2
  1016 | D:2      | Reached XP level 3. HP: 17/23 MP: 3/3
  1194 | D:2      | Reached ** piety under Trog
  1658 | D:2      | Reached skill level 4 in Axes
  1864 | D:2      | Reached XP level 4. HP: 24/28 MP: 4/4
  2213 | D:3      | Reached skill level 5 in Axes
  2213 | D:3      | Reached XP level 5. HP: 24/32 MP: 5/5
  2388 | D:3      | Found a radiant altar of Vehumet.
  3376 | D:4      | Noticed an ogre
  3385 | D:4      | Killed an ogre
  3386 | D:4      | Reached skill level 6 in Axes
  3386 | D:4      | Reached XP level 6. HP: 37/37 MP: 6/6
  3551 | D:4      | Noticed Edmund
  3565 | D:4      | Killed Edmund
  3566 | D:4      | Reached skill level 7 in Axes
  3566 | D:4      | Reached XP level 7. HP: 41/41 MP: 7/7
  3629 | D:4      | Noticed Sigmund
  3655 | D:4      | Killed Sigmund
  3656 | D:4      | Reached skill level 1 in Maces & Flails
  4195 | D:5      | Entered Level 5 of the Dungeon
  4229 | D:5      | Reached skill level 8 in Axes
  4238 | D:5      | HP: 2/41 [orc priest/divine providence (14)]
  4251 | D:4      | Slain by an iguana

Illustrated notes

Levels and vault maps discovered:
D:1:      doesnt_arrival_eight_statues, layout_basic
D:2:      layout_rooms
D:3:      layout_basic, nicolae_vehumet_altar_sigil
D:4:      layout_loops_cross, sigmund_edmund_badplayer
D:5:      layout_basic, nicolae_overflow_hidden_temple,
          lightli_sewer_entry_pipes, uniq_crazy_yiuf_cottage, uniq_blork_the_orc

Skill      XL: |  1  2  3  4  5  6  7 |
---------------+----------------------+-----
Axes           | 3 4 5 6 7 8 |  8.0
Maces & Flails | 2 |  2.4
Fighting       | |  3.2
Armour         | |  2.1
Dodging        | |  1.5

Action                   |  1- 3 |  4- 6 |  7- 9 || total
-------------------------+-------+-------+-------++-------
Melee: Hand axe          |   139 |   113 |       ||   252
       Flail             |       |       |    23 ||    23
Invok: Berserk           |     1 |     4 |     3 ||     8
       Trog's Hand       |       |     1 |     1 ||     2
Armor: Animal skin       |    16 |       |       ||    16
       Plate armour      |    78 |    65 |    15 ||   158
Dodge: Dodged            |    84 |    51 |    14 ||   149
